 Dungeon Crawl Stone Soup version 0.29.1-1-gd02db6906a (webtiles) character file.

Game seed: 10949306471210980650

133 Earthwalker the Shooter (level 5, -3/32 HPs)
             Began as a Kobold Hunter on Oct 6, 2022.
             Slain by a water moccasin (6 damage)
             ... on level 3 of the Dungeon.
             The game lasted 00:12:19 (3036 turns).

Earthwalker the Shooter (Kobold Hunter)             Turns: 3036, Time: 00:12:19

Health: -3/32      AC:  8    Str:  8    XL:     5   Next: 39%
Magic:  5/5        EV:  3    Int: 10    God:
Gold:   106        SH:  0    Dex: 21    Spells: 4/4 levels left

rFire   . . .      SeeInvis .   a - +0 shortbow (freeze)
rCold   . . .      Faith    .   (shield currently unavailable)
rNeg    . . .      Spirit   .   k - +0 chain mail {rPois}
rPois   +          Reflect  .   (no helmet)
rElec   .          Harm     .   h - scarf {shadows}
rCorr   .          Rampage  .   (no gloves)
Will    .....                   (no boots)
Stlth   ..........              g - amulet of the acrobat
HPRegen 0.10/turn               (no ring)
MPRegen 0.09/turn               (no ring)

@: constricted
A: small, no large weapons, nightstalker 3
a: no special abilities


You were on level 3 of the Dungeon.
You visited 1 branch of the dungeon, and saw 3 of its levels.

You collected 106 gold pieces.

Inventory:

Hand Weapons
 a - a +0 shortbow of freezing (weapon)
 i - a +0 short sword of speed
Armour
 c - a +0 leather armour
 h - a scarf of shadows (worn)
 k - a +0 chain mail of poison resistance (worn)
 o - a +0 chain mail of positive energy
Jewellery
 g - an amulet of the acrobat (around neck)
Wands
 l - a wand of iceblast (13)
Scrolls
 b - a scroll of immolation
 f - a scroll of noise {unknown}
 n - a scroll of enchant weapon {unknown}
 p - a scroll of vulnerability {unknown}
 q - a scroll of poison {unknown}
Potions
 d - a potion of heal wounds
 e - a potion of invisibility
 j - 3 potions of haste
 m - 2 potions of curing {unknown}


   Skills:
 + Level 2.9 Fighting
 + Level 7.4 Ranged Weapons
 + Level 0.8 Armour
 + Level 2.9 Dodging
 + Level 1.5 Stealth


You had 4 spell levels left.
You didn't know any spells.
Your spell library was empty.

Dungeon Overview and Level Annotations

Branches:
Dungeon (3/15)

Altars:
Sif Muna

Annotations:
D:3 po7itron's ghost, amateur DsGl


Innate Abilities, Weirdness & Mutations

You are small and have problems with some larger weapons.
You are completely attuned to the shadows.


Message History

Okay, then.
Found a stone staircase leading up.
q - a scroll labelled SYXY GAURE Could not explore, unopened runed door.
Po7itron's ghost says, "Missed me!"
Level annotation: 3 runed translucent doors, po7itron's ghost, amateur DsGl Welcome back, Earthwalker the Kobold Hunter.
Press ? for a list of commands and other information.
The water moccasin hisses angrily.
As you open the gate, it creaks loudly!
Really attack while wielding your +0 shortbow of freezing? [Y]es or [N]o only, please.
Really attack while wielding your +0 shortbow of freezing? [Y]es or [N]o only, please.
Really attack while wielding your +0 shortbow of freezing? [Y]es or [N]o only, please.
Really attack while wielding your +0 shortbow of freezing? [Y]es or [N]o only, please.
Really attack while wielding your +0 shortbow of freezing? [Y]es or [N]o only, please.
Really attack while wielding your +0 shortbow of freezing? [Y]es or [N]o only, please.
Really attack while wielding your +0 shortbow of freezing?
You barely miss the water moccasin. The water moccasin bites you!
The goblin hits you with a +0 club. The water moccasin bites you.
Po7itron's ghost hits you.
You clumsily bash the water moccasin but do no damage.
The goblin hits you with a +0 club. Po7itron's ghost hits you.
The water moccasin bites you but does no damage.
The ball python bites you but does no damage.
The ball python grabs you. The ball python constricts you.
Po7itron's ghost hits you.
* * * LOW HITPOINT WARNING * * *
The goblin hits you with a +0 club.
* * * LOW HITPOINT WARNING * * *
You closely miss the ball python. The water moccasin bites you.
* * * LOW HITPOINT WARNING * * *
The ball python bites you but does no damage.
The ball python constricts you. The water moccasin bites you.
You die...

#.# #.#.. #.# #.###
#.#####.#.. #.......#..
##########.......#..
##................+..
####..######.#.......#..
#.............#......#..
#.....S@......#........>
#..###gSW###..#.........
#..#.......#..#.........
#..#!......#..###.#.....
#..#.# #.#..###.#.....
#..#g# #S#...##.......
#..#.# #W#....#.##....
#..#...)?..#..#...##....
##..#....g..#....####....


You could see a water moccasin, po7itron's ghost, a goblin and a ball python.

Vanquished Creatures
  5 adders
  A worm (D:3)
  2 dart slugs (D:2)
  6 orcs
  10 bats
  4 endoplasms
  4 giant cockroaches
  4 goblins
  10 hobgoblins
  4 jackals (D:3)
  2 quokkas
  5 ball pythons (D:1)
  3 kobolds
  11 rats
71 creatures vanquished.

Notes
Turn   | Place    | Note
-------+----------+-------------------------------------------
     0 | D:1      | Earthwalker the Kobold Hunter began the quest for the Orb.
     0 | D:1      | Reached XP level 1. HP: 12/12 MP: 1/1
   107 | D:1      | Reached XP level 2. HP: 17/17 MP: 2/2
   348 | D:1      | Reached skill level 6 in Ranged Weapons
   598 | D:1      | Reached XP level 3. HP: 22/22 MP: 3/3
  1167 | D:2      | Reached XP level 4. HP: 27/27 MP: 4/4
  1232 | D:2      | Found a shimmering blue altar of Sif Muna.
  1266 | D:2      | Reached skill level 7 in Ranged Weapons
  1745 | D:3      | Reached XP level 5. HP: 9/31 MP: 5/5
  2139 | D:3      | Found a faded altar of an unknown god.
  2449 | D:3      | Noticed a water moccasin
  2466 | D:3      | Found a runed translucent gate.
  2467 | D:3      | Found a runed translucent gate.
  2468 | D:3      | Found a runed translucent gate.
  3002 | D:3      | Noticed po7itron's ghost (amateur DsGl)
  3036 | D:3      | Slain by a water moccasin

Illustrated notes

Levels and vault maps discovered:
D:1:      psy_arrival_spokes, layout_loops_ring, hangedman_decor_opposing
D:2:      layout_rooms, basic_altar
D:3:      layout_basic, gammafunk_ghost_split,
          shapermc_ecumenical_altar_starsandcircs

Skill      XL: |  1  2  3  4 |
---------------+-------------+-----
Ranged Weapons | 6 7 |  7.4
Fighting       | |  2.9
Armour         | |  0.8
Dodging        | |  2.9
Stealth        | |  1.5

Action                   |  1- 3 |  4- 6 || total
-------------------------+-------+-------++-------
Melee: Shortbow          |       |     3 ||     3
 Fire: Shortbow          |    70 |   100 ||   170
  Use: Scroll            |     3 |     1 ||     4
Armor: Leather armour    |     8 |    15 ||    23
       Chain mail        |       |    23 ||    23
Dodge: Dodged            |    33 |    55 ||    88
